 Dungeon Crawl Stone Soup version 0.31.0 (webtiles) character file.

Game seed: 15699359461927297371

10 qw the Shooter (level 2, -2/17 HPs)
             Began as a Gargoyle Hunter on Jan 19, 2024.
             Slain by a goblin
             ... wielding a +1 dagger of venom
              (4 damage)
             ... on level 1 of the Dungeon.
             The game lasted 00:00:00 (188 turns).

qw the Shooter (Gargoyle Hunter)                     Turns: 188, Time: 00:00:00

Health: -2/17      AC:  5    Str: 14    XL:     2   Next: 20%
Magic:  2/2        EV: 11    Int:  9    God:
Gold:   10         SH:  0    Dex: 13    Spells: 1/1 levels left

rFire   . . .        a - +0 shortbow
rCold   . . .        (shield currently unavailable)
rNeg    + . .        c - +0 leather armour
rPois   inf          (no helmet)
rElec   +            (no cloak)
rCorr   .            (no gloves)
SInv    .            (no boots)
Will    .....        (no amulet)
Stlth   +            (no ring)
HPRegen 0.22/turn    (no ring)
MPRegen 0.08/turn

%: no passive effects
@: no status effects
A: sickness immunity, AC +2, negative energy resistance 1, electricity
resistance, torment resistance 1, petrification resistance
a: no special abilities


You were on level 1 of the Dungeon.
You visited 1 branch of the dungeon, and saw 1 of its levels.

You collected 10 gold pieces.


Innate Abilities, Weirdness & Mutations

You are immune to sickness and miasma.
Your stone body is resilient. (AC +2)
You are immune to poison.
You resist negative energy. (rN+)
You are resistant to electric shocks. (rElec)
You are resistant to unholy torment.
You are immune to petrification.


   Skills:
 - Level 2.1 Fighting
 + Level 4.5 Ranged Weapons
 - Level 1.5 Dodging
 - Level 1.1 Stealth


You had one spell level left.
You didn't know any spells.
Your spell library was empty.

Inventory:

Hand Weapons
 a - a +0 shortbow (weapon)
Armour
 c - a +0 leather armour (worn)
Scrolls
 b - a scroll of butterflies

Dungeon Overview and Level Annotations

Branches:
Dungeon (1/15)

Altars:


Message History

A rat comes into view.
You shoot an arrow. The arrow hits the rat.
The rat is severely wounded.
A goblin comes into view. It is wielding a +1 dagger of venom.
A quokka comes into view.
You shoot an arrow. The arrow closely misses the rat.
A giant cockroach comes into view.
You shoot an arrow. The arrow hits the rat.
You kill the rat!
You shoot an arrow. The arrow hits the quokka.
The quokka is severely wounded.
A bat comes into view.
The quokka bites you.
The bat moves out of view.
You shoot an arrow. The arrow misses the quokka.
You hear a loud squeak.
The quokka bites you but does no damage.
The goblin barely misses you.
A rat comes into view.
The quokka bites you.
You shoot an arrow. The arrow completely misses the quokka.
The arrow hits the giant cockroach.
The giant cockroach is moderately wounded.
The quokka bites you.
The goblin hits you with a +1 dagger of venom.
You shoot an arrow. The arrow closely misses the quokka.
The arrow hits the giant cockroach.
The giant cockroach is severely wounded.
The quokka closely misses you. The goblin hits you but does no damage.
The quokka bites you.
You shoot an arrow. The arrow hits the quokka!
You kill the quokka!
The bat barely misses you.
The goblin hits you with a +1 dagger of venom.
The goblin closely misses you. The rat closely misses you.
The giant cockroach barely misses you.
You shoot an arrow.
The arrow barely misses the giant cockroach.
The bat hits you but does no damage. The giant cockroach bites you.
The goblin hits you with a +1 dagger of venom.
You die...

## #######.##.###.#
#.##....... .
...##........#
#.###.#####
#.##.##.########.# #.#
#....##.#......).###.#
###.##..#.#.####....##.#
#...##......# #.##.##.#
######.####(##...#
#.##....# .#.....#
...#.b.# #.##...##
.#.##### #..#.r@#
#.##...# ...# #....gB#
#.##.#.# .### #..##...
#......# .# #.. ##.#)
.....#.# ## #.
?).#......... # !#.
.##.#.... # . # #.


You could see a giant cockroach, a goblin, a bat and a rat.

Vanquished Creatures
  A ball python (D:1)
  3 goblins (D:1)
  A kobold (D:1)
  2 quokkas (D:1)
  A rat (D:1)
8 creatures vanquished.

Notes
Turn   | Place    | Note
-------+----------+-------------------------------------------
     0 | D:1      | qw the Gargoyle Hunter began the quest for the Orb.
     0 | D:1      | Reached XP level 1. HP: 12/12 MP: 1/1
     0 | D:1      | 0 ||| qw: Version: 0.3-a-132-g3d54051
     0 | D:1      | 0 ||| qw: Game counter: 195
     0 | D:1      | 0 ||| qw: Melee chars always use a shield: true
     0 | D:1      | 0 ||| qw: God list: Okawaru
     0 | D:1      | 0 ||| qw: Allow faded altars: false
     0 | D:1      | 0 ||| qw: Do Orc after clearing Dungeon:15 true
     0 | D:1      | 0 ||| qw: Do second Lair branch before Depths: true
     0 | D:1      | 0 ||| qw: Lair rune preference: random
     0 | D:1      | 0 ||| qw: Goals: Normal
     0 | D:1      | 0 ||| PLANNING D:1-11
   176 | D:1      | Reached XP level 2. HP: 17/17 MP: 2/2
   187 | D:1      | HP: 3/17 [goblin/+1 dagger of venom (4)]
   188 | D:1      | Slain by a goblin

Levels and vault maps discovered:
D:1:      elethiomel_arrival_maze, layout_basic, minmay_pentomino_r2

Action                     || total
---------------------------++-------
   Fire: Shortbow          ||    19
 Armour: Leather armour    ||    11
  Dodge: Dodged            ||     6

Table legend:
 A = Non-vault XP
 B = Vault XP
 C = Vault XP percentage of total XP
 D = Non-vault monster count
 E = Vault monster count
 F = Vault count percentage of total count
                 A         B        C        D         E       F
            +---------+---------+-------+---------+---------+-------
      Total |      12 |       3 |  20.0 |       6 |       2 |  25.0
            +---------+---------+-------+---------+---------+-------
        D:1 |      12 |       3 |  20.0 |       6 |       2 |  25.0
            +---------+---------+-------+---------+---------+-------
